 Dungeon Crawl Stone Soup version 0.23.2-1-ga50397a6bc (webtiles) character file.

Game seed: 5614435035626664553

12028 Jukra the Carver (level 11, -4/99 HPs)
             Began as a Minotaur Berserker on May 12, 2019.
             Was an Elder of Trog.
             Impaled on a porcupine's spines (12 damage)
             ... on level 1 of the Lair of Beasts.
             The game lasted 00:56:12 (10028 turns).

Jukra the Carver (Minotaur Berserker)              Turns: 10028, Time: 00:56:13

Health: -4/99      AC: 20    Str: 25    XL:     11   Next: 57%
Magic:  4/4        EV:  7    Int:  4    God:    Trog [****..]
Gold:   165        SH: 15    Dex: 14    Spells: 10/10 levels left

rFire    . . .     SeeInvis .   E - +1 falchion (antimagic)
rCold    . . .     Gourm    .   M - +0 large shield
rNeg     . . .     Faith    .   f - +0 plate armour
rPois    .         Spirit   .   (helmet restricted)
rElec    +         Reflect  .   Q - +0 cloak
rCorr    .         Harm     +   B - +0 pair of gloves
MR       +....     Rnd*Tele +   p - +0 pair of boots
Stlth    ..........             t - amulet "Obybb" {Harm *Drain Dex+4}
HPRegen  0.26/turn              D - ring of the Eleven Suns {*Tele *Drain rElec Dex-2 Slay+6}
MPRegen  0.09/turn              I - ring of protection from magic

@: berserk cooldown, slowed, very slow
A: retaliatory headbutt, horns 2, camouflage 2, agile 1, sense surroundings 1
a: Berserk, Trog's Hand, Brothers in Arms, Renounce Religion


You were on level 1 of the Lair of Beasts.
You worshipped Trog.
Trog was greatly pleased with you.
You were not hungry.

You visited 3 branches of the dungeon, and saw 11 of its levels.

You collected 664 gold pieces.
You spent 499 gold pieces at shops.

Inventory:

Hand Weapons
 a - the +8 dagger of Embarrassment {pierce, -Tele rF+ rN+ Int+2}
   (You found it on level 7 of the Dungeon)

   It inflicts extra damage upon your enemies.
   It affects your intelligence (+2).
   It protects you from fire.
   It protects you from negative energy.
   It prevents most forms of teleportation.
 w - a +2 falchion of freezing
 E - a +1 antimagic falchion (weapon)
 K - a +2 broad axe of freezing
Missiles
 P - 3 poisoned javelins (quivered)
Armour
 f - a +0 plate armour (worn)
 p - a +0 pair of boots (worn)
 B - a +0 pair of gloves (worn)
 M - a +0 large shield (worn)
 Q - a +0 cloak (worn)
Jewellery
 e - an uncursed ring of ice
 k - an uncursed ring of magical power
 s - an uncursed amulet of magic regeneration
 t - the amulet "Obybb" (around neck) {Harm *Drain Dex+4}
   (You bought it in a shop on level 4 of the Dungeon)

   [amulet of harm]

   It increases damage dealt and taken.
   It affects your dexterity (+4).
   It causes draining when unequipped.
 A - an uncursed ring of flight
 D - the ring of the Eleven Suns (left hand) {*Tele *Drain rElec Dex-2 Slay+6}
   (You found it on level 6 of the Dungeon)

   [ring of teleportation]

   It may teleport you next to monsters.
   It affects your dexterity (-2).
   It affects your accuracy and damage with ranged weapons and melee attacks
   (+6).
   It insulates you from electricity.
   It causes draining when unequipped.
 I - a ring of protection from magic (right hand)
 S - an uncursed ring of resist corrosion
Wands
 l - a wand of digging (5)
 q - a wand of flame (30)
 y - a wand of disintegration (5)
 z - a wand of random effects (13)
 O - a wand of paralysis (10)
Scrolls
 d - 14 scrolls of identify {unknown}
 g - 6 scrolls of remove curse {unknown}
 i - 2 scrolls of magic mapping {unknown}
 j - 8 scrolls of teleportation {unknown}
 r - 2 scrolls of random uselessness {unknown}
 v - 2 scrolls of enchant armour {unknown}
 x - 5 scrolls of enchant weapon {unknown}
 C - a scroll of fog {unknown}
 F - a scroll of amnesia {unknown}
 H - 2 scrolls of blinking {unknown}
 J - a scroll of vulnerability {unknown}
Potions
 b - a potion of invisibility
 h - 2 potions of agility
 m - 3 potions of flight
 n - a potion of might
 o - 2 potions of heal wounds {unknown}
 u - 5 potions of curing
 G - 4 potions of haste
 N - a potion of brilliance {unknown}
 R - a potion of resistance {unknown}
Miscellaneous
 L - a lamp of fire
Comestibles
 c - 18 rations
 T - 4 chunks of flesh


   Skills:
 * Level 9.7 Fighting
 * Level 13.3 Long Blades
 * Level 1.0 Throwing
 * Level 11.9 Armour
 * Level 6.9 Dodging
 + Level 4.7 Shields
 + Level 2.7 Evocations


You had 10 spell levels left.
You didn't know any spells.
Your spell library contained the following spells:

 Spells                   Type           Power        Failure   Level  Hunger
 Beastly Appendage        Tmut           #.....       100%        1    ##.....
 Magic Dart               Conj           #...         100%        1    ##.....
 Blink                    Tloc           N/A          100%        2    ###....
 Call Imp                 Summ           #.......     100%        2    ###....
 Slow                     Hex            #.......     100%        2    ###....
 Sticks to Snakes         Tmut           #.......     100%        2    ###....
 Conjure Flame            Conj/Fire      #.......     100%        3    ####...
 Mephitic Cloud           Conj/Pois/Air  #.......     100%        3    ####...
 Spider Form              Tmut/Pois      #.........   100%        3    ####...
 Ice Form                 Ice/Tmut       #.......     100%        4    #####..
 Blade Hands              Tmut           #.........   100%        5    ######.


Dungeon Overview and Level Annotations

Branches:
Dungeon (9/15)             Temple (1/1) D:6            Lair (1/6) D:9
    Orc: D:9-12

Altars:
Ashenzari
Cheibriados
Dithmenos
Elyvilon
Fedhas
Gozag
Hepliaklqana
Kikubaaqudgha
Makhleb
Nemelex Xobeh
Okawaru
Qazlal
Ru
Trog
Uskayaw
Vehumet
Wu Jian
Xom
Yredelemnul
Zin
The Shining One

Shops:
D:2 *   D:4 =(}}*?


Innate Abilities, Weirdness & Mutations

You reflexively headbutt those who attack you in melee.
You have a pair of horns on your head.
Your skin blends seamlessly with your surroundings (Stealth++).
You are agile. (Dex +2)
You passively map a small area around you.


Message History

You eat one of the 5 chunks of flesh.
This raw flesh tastes terrible.
A porcupine comes into view.
A porcupine is nearby!
The porcupine bites you but does no damage.
You are struck by the porcupine's spines.
* * * LOW HITPOINT WARNING * * *
You closely miss the porcupine.
The porcupine bites you but does no damage.
You closely miss the porcupine. You block the porcupine's attack. x2
You slash the porcupine!
The porcupine is almost dead.
You block the porcupine's attack.
You are struck by the porcupine's spines.
* * * LOW HITPOINT WARNING * * *
You closely miss the porcupine. Your headbutt misses the porcupine.
The porcupine is almost dead.
The porcupine bites you.
* * * LOW HITPOINT WARNING * * *
You are struck by the porcupine's spines.
You die...

*.♣≈.≈≈≈.#
.≈≈≈≈.≈.#
#♣≈.≈≈≈..# ,
* #..≈≈≈≈≈♣#
, ##.≈P≈≈≈≈..
#.P≈≈≈≈≈≈.#,
#..≈≈≈≈≈≈.#
##..†♣P≈≈≈..,
#@r.P.≈≈♣...
##..#.PP....
, ##.###.....
#.# #..## ,
*#.# /... ,
... ,... ,
..) ** ##
.### * ,


You could see a porcupine.

Vanquished Creatures
  4 two-headed ogres
  Pikel (D:8)
  A spiny frog (Lair:1)
  2 komodo dragons (Lair:1)
  A merfolk (D:8)
  A troll (D:8)
  6 hippogriffs
  4 yaks
  4 wyverns (D:8)
  Eustachio (D:4)
  A hog (D:8)
  A water moccasin (Lair:1)
  A sky beast (D:8)
  4 orc warriors
  7 black bears
  3 phantoms
  A slave (D:8)
  3 ogres
  5 centaurs
  3 wolves (Lair:1)
  A crocodile (Lair:1)
  8 bullfrogs
  4 gnoll sergeants (D:8)
  3 scorpions
  10 killer bees
  3 howler monkeys
  9 electric eels (D:8)
  2 crimson imps
  A quasit (D:7)
  4 jellies
  3 orc wizards
  3 gnoll shamans (D:8)
  5 orc priests
  3 hounds
  Ijyb (D:3)
  Terence (D:3)
  An iguana (D:4)
  3 worker ants
  A killer bee zombie (D:7)
  A hound zombie (D:7)
  A hound skeleton (D:5)
  2 worker ant zombies
  A howler monkey skeleton (D:4)
  13 adders
  2 shadow imps (D:6)
  2 oozes (D:2)
  An adder skeleton (D:4)
  8 worms
  3 dart slugs
  5 leopard geckos
  13 orcs
  5 giant cockroaches
  8 goblins
  5 hobgoblins
  19 jackals
  7 kobolds
  4 quokkas
  7 ball pythons
  5 bats
  5 frilled lizards
  A leopard gecko skeleton (D:5)
  7 rats
  3 plants (D:8)
248 creatures vanquished.

Vanquished Creatures (others)
  A slave (D:8)
  A fungus (Lair:1)
  10 plants
12 creatures vanquished.

Grand Total: 260 creatures vanquished

Notes
Turn   | Place    | Note
-------+----------+-------------------------------------------
     0 | D:1      | Jukra the Minotaur Berserker began the quest for the Orb.
     0 | D:1      | Reached XP level 1. HP: 19/19 MP: 0/0
   321 | D:1      | Reached XP level 2. HP: 20/27 MP: 1/1
   484 | D:1      | Reached skill level 4 in Long Blades
   579 | D:1      | You fall through a shaft!
   679 | D:2      | Found Zin's Purification Station.
   679 | D:2      | Found a glowing silver altar of Zin.
   830 | D:1      | Reached ** piety under Trog
   955 | D:1      | Reached XP level 3. HP: 25/33 MP: 2/2
  1549 | D:2      | Reached XP level 4. HP: 41/41 MP: 3/3
  1934 | D:3      | Reached skill level 5 in Long Blades
  2107 | D:3      | Found a hide-covered altar of Uskayaw.
  2231 | D:3      | Reached XP level 5. HP: 43/47 MP: 4/4
  2279 | D:3      | Noticed Terence
  2293 | D:3      | Killed Terence
  2293 | D:3      | Reached skill level 1 in Shields
  2295 | D:3      | Reached skill level 5 in Fighting
  2306 | D:3      | Noticed Ijyb
  2313 | D:3      | Killed Ijyb
  2323 | D:3      | Reached skill level 1 in Evocations
  2422 | D:3      | Reached XP level 6. HP: 56/56 MP: 5/5
  2532 | D:3      | Reached *** piety under Trog
  2694 | D:4      | Found Timpin's Gadget Boutique.
  2736 | D:4      | Found Meps's Antique Weapon Shoppe.
  2756 | D:4      | Found Miutiug's Jewellery Boutique.
  2872 | D:4      | Reached skill level 6 in Long Blades
  2925 | D:4      | Found Gusurph's Gadget Shop.
  2987 | D:4      | Found a sparkling altar of Nemelex Xobeh.
  3019 | D:4      | Found Sukeimn's Elemental Accessories.
  3119 | D:4      | Reached XP level 7. HP: 61/61 MP: 7/7
  3214 | D:4      | Noticed Eustachio
  3221 | D:4      | Killed Eustachio
  3221 | D:4      | Reached skill level 7 in Long Blades
  3254 | D:4      | Found Iso Qala's Magic Scroll Shoppe.
  3629 | D:5      | Entered Level 5 of the Dungeon
  3783 | D:5      | Found a sacrificial altar of Ru.
  3991 | D:5      | Reached skill level 5 in Armour
  4136 | D:5      | Found a shimmering altar of Xom.
  4405 | D:6      | Got a smoking glass ring
  4406 | D:6      | Identified the ring of the Eleven Suns {*Tele *Drain rElec
                  | Dex-2 Slay+6} (You found it on level 6 of the Dungeon)
  4425 | D:6      | Found a staircase to the Ecumenical Temple.
  4435 | D:6      | Reached XP level 8. HP: 43/70 MP: 8/8
  4437 | D:6      | Reached skill level 8 in Long Blades
  4576 | D:6      | Reached **** piety under Trog
  4801 | Temple   | Entered the Ecumenical Temple
  4901 | D:6      | Found a bloodstained altar of Trog.
  5552 | D:6      | Gained mutation: Your skin changes colour to match your
                  | surroundings (Stealth+). [potion of mutation]
  5552 | D:6      | Gained mutation: You are agile. (Dex +2) [potion of
                  | mutation]
  5552 | D:6      | Gained mutation: Your skin blends seamlessly with your
                  | surroundings (Stealth++). [potion of mutation]
  5552 | D:6      | Gained mutation: You passively map a small area around you.
                  | [potion of mutation]
  5573 | D:7      | Got a jewelled dagger
  5594 | D:7      | Identified the +8 dagger of Embarrassment {pierce, -Tele
                  | rF+ rN+ Int+2} (You found it on level 7 of the Dungeon)
  5666 | D:7      | Reached skill level 9 in Long Blades
  5677 | D:7      | Reached XP level 9. HP: 78/78 MP: 10/10
  5742 | D:7      | Found a shadowy altar of Dithmenos.
  6246 | D:8      | Reached skill level 10 in Long Blades
  6253 | D:8      | Noticed Pikel
  6283 | D:8      | Killed Pikel
  6283 | D:8      | Reached skill level 5 in Dodging
  6290 | D:8      | Reached skill level 11 in Long Blades
  6395 | D:8      | Reached XP level 10. HP: 45/88 MP: 11/11
  6643 | D:8      | Noticed a two-headed ogre
  6649 | D:8      | Killed a two-headed ogre
  6649 | D:8      | Reached skill level 10 in Armour
  6827 | D:8      | Noticed a two-headed ogre
  6834 | D:8      | Killed a two-headed ogre
  6834 | D:8      | Reached skill level 12 in Long Blades
  7329 | D:8      | Found an ancient bone altar of Kikubaaqudgha.
  7405 | D:8      | Noticed a two-headed ogre
  7705 | D:8      | Killed a two-headed ogre
  7705 | D:8      | Reached XP level 11. HP: 97/97 MP: 12/12
  8674 | D:4      | Bought the amulet "Obybb" {Harm *Drain Dex+4} for 499 gold
                  | pieces
  8985 | D:9      | Found a staircase to the Lair.
  9072 | D:9      | Noticed a two-headed ogre
  9077 | D:9      | Killed a two-headed ogre
  9077 | D:9      | Reached skill level 13 in Long Blades
  9106 | D:9      | Reached ***** piety under Trog
  9211 | D:9      | Received a gift from Trog
  9877 | Lair:1   | Entered Level 1 of the Lair of Beasts
  9998 | Lair:1   | Reached skill level 1 in Throwing
  9998 | Lair:1   | HP: 7/148 [poisoned by a water moccasin]
 10028 | Lair:1   | Impaled on a porcupine's spines

Skill      XL: |  1  2  3  4  5  6  7  8  9 10 11 |
---------------+----------------------------------+-----
Long Blades    | 4 5 6 7 9 11 12 13 | 13.3
Fighting       | 4 5 6 7 9 |  9.7
Armour         | 3 4 5 7 9 11 | 11.9
Shields        | 1 2 3 4 |  4.7
Dodging        | 3 4 5 6 |  6.9
Evocations     | 1 2 |  2.7
Throwing       | 1 |  1.0

Action                   |  1- 3 |  4- 6 |  7- 9 | 10-12 || total
-------------------------+-------+-------+-------+-------++-------
Melee: Falchion          |    63 |   145 |   221 |   238 ||   667
       Headbutt          |     6 |    29 |    46 |    68 ||   149
Throw: Javelin           |       |       |       |     2 ||     2
Invok: Berserk           |       |     1 |     6 |     4 ||    11
       Trog's Hand       |       |       |     3 |     2 ||     5
  Use: Potion            |       |       |     9 |     1 ||    10
  Eat: Chunk             |     2 |     6 |    14 |     9 ||    31
       Ration            |       |       |     1 |     2 ||     3
Armor: Scale mail        |    12 |    41 |    21 |       ||    74
       Animal skin       |     1 |       |       |       ||     1
       Chain mail        |       |       |    59 |     7 ||    66
       Plate armour      |       |       |       |    63 ||    63
Dodge: Dodged            |    33 |    51 |    77 |    53 ||   214
Block: Buckler           |       |    20 |    24 |    23 ||    67
       Large shield      |       |       |       |    54 ||    54
       Rpst.: Falchion   |    13 |    13 |    22 |     8 ||    56
